 Dungeon Crawl Stone Soup version 0.20-a0-1025-g4706f7e (webtiles) character file.

28 nubinia the Gusty (level 3, -1/24 HPs)
             Began as a Gnoll Air Elementalist on Apr 19, 2017.
             Slain by an adder (4 damage)
             ... on level 1 of the Dungeon.
             The game lasted 00:07:50 (1065 turns).

nubinia the Gusty (Gnoll Air Elementalist)          Turns: 1065, Time: 00:07:51

Health: -1/24      AC:  2    Str:  7    XL:     3   Next: 12%
Magic:  1/8        EV: 13    Int: 16    God:
Gold:   57         SH:  0    Dex: 14    Spells: 6/9 levels left

rFire    . . .     SeeInvis .   (no weapon)
rCold    . . .     Gourm    .   (no shield)
rNeg     . . .     Faith    .   a - +0 robe
rPois    .         Spirit   .   (no helmet)
rElec    .         Reflect  .   (no cloak)
rCorr    .         Harm     .   (no gloves)
MR       .....                  (no boots)
Stlth    ++........             (no amulet)
Regen    0.1/turn               (no ring)
MPRegen  0.2/turn               (no ring)

@: no status effects
A: short attention span, fangs 1, strong nose
a: no special abilities


You were on level 1 of the Dungeon.
You were not hungry.

You visited 1 branch of the dungeon, and saw 2 of its levels.

You collected 57 gold pieces.

Inventory:

Armour
 a - a +0 robe (worn)
Scrolls
 d - a scroll of enchant weapon {unknown}
 f - a scroll of blinking {unknown}
 g - a scroll of enchant armour {unknown}
 h - a scroll of teleportation {unknown}
 j - a scroll of identify {unknown}
Potions
 e - a potion of resistance {unknown}
 i - a potion of berserk rage {unknown}
Books
 b - a book of Air

   Spells                             Type                      Level
   a - Shock                          Conjuration/Air              1
   b - Swiftness                      Charms/Air                   2
   c - Static Discharge               Conjuration/Air              3
   d - Airstrike                      Air                          4
   e - Lightning Bolt                 Conjuration/Air              5
Comestibles
 c - 2 bread rations


   Skills:
 + Level 3.2 Dodging
 + Level 3.0 Stealth
 + Level 3.5 Spellcasting
 + Level 2.4 Conjurations
 + Level 5.2 Air Magic


You had 6 spell levels left.
You knew the following spells:

 Your Spells              Type           Power        Failure   Level  Hunger
a - Shock                 Conj/Air       ###.         3%          1    None
s - Swiftness             Chrm/Air       ##......     9%          2    ##.....


Dungeon Overview and Level Annotations

Branches:
Dungeon (2/15)

Altars:

Annotations:
D:2 Robin


Innate Abilities, Weirdness & Mutations

You have a short attention span.
You have very sharp teeth.
Your uncanny sense of smell can sniff out nearby items.


Message History

Casting: Shock
Confirm with . or Enter, or press ? or * to list all spells.
Aiming: Shock
Press: ? - help, Shift-Dir - straight line, f/p - adder
Aim: an adder (heavily wounded)
The zap hits the adder.
The adder is severely wounded.
The adder bites you.
* * * LOW HITPOINT WARNING * * *
Unknown command.
Unknown command.
Unknown command.
Casting: Shock
Confirm with . or Enter, or press ? or * to list all spells.
Aiming: Shock
Press: ? - help, Shift-Dir - straight line, f/p - adder
Aim: an adder (severely wounded)
The zap misses the adder.
The hobgoblin completely misses you. The adder bites you.
You die...

.......########.##############...
######.....)......†.### ##(... #
#......)..#.###..[######(....
#.........#.#####......(.....
#.........#..# ######...#...
####.........##.# #.###.#.
#............##.# ###.# #.#.
##.##.........##S#### ##...# #..)
...##.........##@g..###..### ###.
...##.........#####..##.## #.
.........)....# ##.##.# #####.
..............# #.#..# ##.....
....########### #...####..####
....# #........## ....#
##...###### ...## ########.....#
....# ###..........#.#


You could see an adder and a hobgoblin.

Vanquished Creatures
  A leopard gecko (D:1)
  5 bats
  A giant cockroach (D:1)
  2 hobgoblins (D:1)
  2 ball pythons (D:1)
  A frilled lizard (D:1)
  7 goblins
  5 kobolds (D:1)
  A rat (D:1)
25 creatures vanquished.

Notes
Turn   | Place    | Note
-------+----------+-------------------------------------------
     0 | D:1      | nubinia the Gnoll Air Elementalist began the quest for the Orb.
     0 | D:1      | Reached XP level 1. HP: 13/13 MP: 4/4
   270 | D:1      | Reached XP level 2. HP: 19/19 MP: 1/6
   274 | D:1      | Learned a level 2 spell: Swiftness
   326 | D:1      | Reached skill level 5 in Air Magic
   889 | D:1      | Reached XP level 3. HP: 14/24 MP: 1/8
  1055 | D:2      | Noticed Robin
  1065 | D:1      | Slain by an adder

Vault maps used:
D:1:      dpeg_arrival_chase
D:2:      old_standard_altar, nemelex_xobeh_ov_fountains_minmay, uniq_robin

Skill      XL: |  1  2 |
---------------+-------+-----
Conjurations   | 2 |  2.4
Air Magic      | 5 |  5.2
Stealth        | 3 |  3.0
Dodging        | |  3.2
Spellcasting   | |  3.5

Action                   || total
-------------------------++-------
Melee: Unarmed           ||    14
       Bite              ||     1
 Cast: Shock             ||    51
Armor: Robe              ||     6
Dodge: Dodged            ||    26
